 Dungeon Crawl Stone Soup version 0.18-a0-1797-gc18daef (webtiles) character file.

258 macross the Covert (level 5, 0/26 HPs)
             Began as a Spriggan Assassin on Apr 22, 2016.
             Was a Believer of Dithmenos.
             Killed by divine providence
             ... invoked by an orc priest
              (15 damage)
             ... on level 3 of the Dungeon.
             The game lasted 00:11:57 (4225 turns).

macross the Covert (Spriggan Assassin)              Turns: 4225, Time: 00:11:58

Health: 0/26       AC:  3    Str:  7    XL:     5   Next: 94%
Magic:  6/6        EV: 18    Int: 12    God:    Dithmenos [**....]
Gold:   151        SH:  0    Dex: 19    Spells: 0 memorised, 4 levels left

rFire  . . .     SeeInvis +     a - +2 dagger
rCold  . . .     Gourm    .     c - +0 robe
rNeg   . . .     Faith    .     (shield restricted)
rPois  .         Spirit   .     (helmet restricted)
rElec  .         Dismiss  .     d - +0 cloak
rCorr  .         Reflect  .     (gloves unavailable)
SustAt .         Harm     .     (boots unavailable)
MR     .....                    t - amulet of magic regeneration
Stlth  ++++++....               (no ring)
                                (no ring)

@: wreathed by umbra, very quick, not resistant to hostile enchantments, very
stealthy
A: unfitting armour, see invisible, herbivore 3, speed 3, slow metabolism 2
a: Shadow Step, Renounce Religion


You were on level 3 of the Dungeon.
You worshipped Dithmenos.
Dithmenos was pleased with you.
You were full.

You visited 2 branches of the dungeon, and saw 6 of its levels.
You also visited: Ossuary.

You collected 151 gold pieces.

Inventory:

Hand Weapons
 a - a +2 dagger (weapon)
 b - a +0 blowgun
 p - a +0 dagger of venom
Missiles
 e - 8 poisoned needles
 f - 2 curare-tipped needles
Armour
 c - a +0 robe (worn)
 d - a +0 cloak (worn)
Jewellery
 t - an amulet of magic regeneration (around neck)
Scrolls
 h - 2 scrolls of enchant weapon {unknown}
 i - 2 scrolls of fog {unknown}
 j - 2 scrolls of remove curse {unknown}
 k - a scroll of teleportation {unknown}
 l - a scroll of random uselessness {unknown}
 m - a scroll of enchant armour {unknown}
 o - 2 scrolls of identify {unknown}
 q - a scroll of noise {unknown}
 u - a scroll of blinking {unknown}
 v - a scroll of magic mapping {unknown}
Potions
 n - 2 potions of brilliance {unknown}
 r - 2 potions of agility {unknown}
 s - 3 potions of invisibility {unknown}
Comestibles
 g - 3 bread rations


   Skills:
 + Level 1.8 Fighting
 * Level 3.2 Short Blades
 - Level 2.1 Throwing
 * Level 3.0 Dodging
 * Level 9.8 Stealth


You had 4 spell levels left.
You didn't know any spells.

Dungeon Overview and Level Annotations

Branches:
Dungeon (5/15)             Temple (1/1) D:5

Altars:
Ashenzari
Cheibriados
Dithmenos
Elyvilon
Kikubaaqudgha
Makhleb
Nemelex Xobeh
Okawaru
Pakellas
Qazlal
Ru
Sif Muna
Trog
Yredelemnul
Zin
The Shining One

Shops:
D:4 }


Innate Abilities, Weirdness & Mutations

You are tiny and cannot use many weapons and most armour.
You have supernaturally acute eyesight.
You are a herbivore.
You cover ground extremely quickly.
You need consume almost no food.


Message History

You kill the orc!
Dithmenos accepts your kill. The orc misses you.
The orc priest hits you with a flail!
Items here: )) [[ a short sword; a chain mail; a club; a leather armour You hit the orc.
The orc is heavily wounded.
The orc completely misses you. The orc priest misses you.
The orc priest calls upon Beogh to heal the orc.
The orc's wounds heal themselves!
You hit the orc.
The orc is severely wounded.
The orc misses you.
The orc priest looks braver for a moment.
You hit the orc.
The orc is severely wounded.
The orc priest mumbles some strange prayers to Beogh against you.
Beogh smites you!
Ouch! That really hurt!
You die...

###### ## #....# .#
#....######## ####
.###...........# ...#
...............#### ...#
..................# ...#
..................##...###
................@o.)o..'.#
..................##...##.#
####..............# ...#
....................#
###############....# ###..
♣♣♣♣♣♣ ### ♣♣....♣♣♣
.♣♣♣♣♣♣♣..♣♣♣..♣♣♣


You could see an orc priest and an orc.

Vanquished Creatures
  A howler monkey (D:4)
  An orc priest (D:3)
  Ijyb (D:2)
  A hound skeleton (D:4)
  6 adders
  An ooze (D:2)
  A dart slug (D:2)
  3 giant geckos
  10 orcs (D:3)
  6 giant cockroaches
  10 goblins
  8 hobgoblins
  4 jackals
  7 kobolds
  2 quokkas (D:3)
  8 bats
  4 giant newts
  11 rats
85 creatures vanquished.

Notes
Turn   | Place    | Note
--------------------------------------------------------------
     0 | D:1      | macross the Spriggan Assassin began the quest for the Orb.
     0 | D:1      | Reached XP level 1. HP: 10/10 MP: 2/2
   101 | D:2      | Noticed Ijyb
   106 | D:2      | Killed Ijyb
   106 | D:2      | Reached skill level 7 in Stealth
   106 | D:2      | Reached XP level 2. HP: 15/15 MP: 3/3
   120 | D:2      | Reached XP level 3. HP: 18/18 MP: 4/4
   322 | D:4      | Reached skill level 8 in Stealth
   322 | D:4      | Reached XP level 4. HP: 23/23 MP: 5/5
   346 | D:4      | Found a sand-covered staircase.
   377 | Ossuary  | Entered an ossuary
   653 | D:4      | Found an oddly glowing altar of Pakellas.
   653 | D:4      | Found Pakellas's Prime Provisions.
   687 | D:5      | Entered Level 5 of the Dungeon
   710 | D:5      | Found a staircase to the Ecumenical Temple.
   729 | Temple   | Entered the Ecumenical Temple
   774 | Temple   | Became a worshipper of Dithmenos the Shadowed
  1865 | D:2      | Reached skill level 9 in Stealth
  1865 | D:2      | Reached XP level 5. HP: 26/26 MP: 6/6
  2515 | D:1      | Reached * piety under Dithmenos
  3561 | D:3      | Reached ** piety under Dithmenos
  4225 | D:3      | Killed from afar by an orc priest

Vault maps used:
D:1:      minmay_arrival_diagonal_passages, minivault_14
D:2:      first_bread, uniq_iyjb
D:3:      forest_paths, kennysheep_orc_chapel
D:4:      serial_column_ruins, column_ruins_open_tiny, column_ruins_open_tiny,
          column_ruins_columns_straight, column_ruins_open_tiny,
          column_ruins_grid_1, column_ruins_columns_T,
          nicolae_ossuary_entry_monument, johnstein_pakellas_shop
D:5:      minmay_temple_entry_purple_smoke, grunt_dithmenos_smoke,
          uniq_eustachio
Temple:   nicolae_temple_elliptical
Ossuary:  ossuary_tomb_3

Skill      XL: |  1  2  3  4  5 |
---------------+----------------+-----
Stealth        | 7 8 9 |  9.8
Dodging        | 2 3 |  3.0
Short Blades   | 3 |  3.2
Fighting       | |  1.8
Throwing       | |  2.1

Action                   |  1- 3 |  4- 6 || total
-------------------------+-------+-------++-------
Melee: Dagger            |    28 |   266 ||   294
 Stab: Sleeping          |     6 |    26 ||    32
       Distracted        |     1 |     2 ||     3
  Eat: Bread ration      |       |     1 ||     1
Armor: Robe              |     1 |    20 ||    21
Dodge: Dodged            |    21 |   174 ||   195
